 Dungeon Crawl Stone Soup version 0.30-a0-719-gcc4359ea44 (webtiles) character file.

Game seed: 9272939433835769296

564 kae the Changer (level 7, -2/58 HPs)
             Began as a Demonspawn Transmuter on Jan 27, 2023.
             Slain by a mummy (11 damage)
             ... in an ossuary.
             The game lasted 00:03:44 (2962 turns).

kae the Changer (Demonspawn Transmuter)             Turns: 2962, Time: 00:03:45

Health: -2/58      AC:  6    Str: 10    XL:     7   Next: 10%
Magic:  10/12      EV: 10    Int: 16    God:
Gold:   35         SH:  0    Dex: 14    Spells: 3/13 levels left

rFire   x . .      SeeInvis .      - Unarmed
rCold   + + +      Faith    .    (shield currently unavailable)
rNeg    . . .      Spirit   .    (body armour currently unavailable)
rPois   +          Reflect  .    (helmet currently unavailable)
rElec   .          Harm     .    (cloak currently unavailable)
rCorr   .          Rampage  .    (gloves currently unavailable)
Will    .....                    (boots currently unavailable)
Stlth   +                        (no amulet)
HPRegen 0.29/turn                (no ring)
MPRegen 0.13/turn                (no ring)

@: ice-form, wereblooded, slowed, very slow
A: freezing attack, amphibious, boosted hp, large, rugged brown scales 1,
demonic guardian 1, (weakness stinger 1)
a: End Transformation


You were in an ossuary.
You were a creature of crystalline ice.
You visited 1 branch of the dungeon, and saw 4 of its levels.
You also visited: Ossuary.

You collected 179 gold pieces.
You spent 144 gold pieces at shops.


Innate Abilities, Weirdness & Mutations

You are a creature of crystalline ice.
You have a powerful freezing melee attack.
You are amphibious.
Your maximum health is increased.
Your armour is entirely melded.
You are incapable of wielding weapons or throwing items.
(You are partially covered in rugged brown scales. (AC +1, +3% HP))
A weak demonic guardian rushes to your aid.
((You have a small tail.))


   Skills:
 - Level 1.0 Fighting
 - Level 1.7 Dodging
 + Level 3.8 Unarmed Combat
 + Level 3.6 Spellcasting
 * Level 4.5 Transmutations
 * Level 2.4 Ice Magic
 - Level 2.0 Poison Magic


You had 3 spell levels left.
You knew the following spells:

 Your Spells              Type           Power      Damage    Failure   Level
a - Beastly Appendage     Tmut           34%        N/A       2%          1
b - Wereblood             Tmut           17%        N/A       4%          2
c - Spider Form           Tmut/Pois      13%        N/A       14%         3
d - Ice Form              Ice/Tmut       14%        N/A       38%         4

Your spell library contained the following spells:

 Spells                   Type           Power      Damage    Failure   Level
 Vhi's Electric Charge    Tloc/Air       4%         N/A       47%         3
 Blade Hands              Tmut           8%         N/A       58%         5
 Irradiate                Conj/Tmut      5%         3d13      88%         5
 Freezing Cloud           Conj/Ice/Air   2%         6-21      98%         5
 Arcjolt                  Conj/Air       1%         1d11      99%         5
 Simulacrum               Ice/Necr       3%         N/A       100%        6
 Dragon Form              Tmut           8%         N/A       100%        7
 Maxwell's Capacitive Co  Air            1%         ∞         100%        8
 Polar Vortex             Ice            5%         N/A       100%        9

Inventory:

Missiles
 c - 27 stones
 e - 16 poisoned darts
Armour
 a - a +1 robe (melded)
Scrolls
 b - a scroll of identify {@r1}
 d - a scroll of enchant armour
 g - a scroll of vulnerability {!r!r}
 q - a scroll of teleportation {@r4}
Potions
 h - 4 potions of mutation {!q}
 i - a potion of berserk rage {!q}
 k - a potion of degeneration {unknown}
 l - a potion of resistance {unknown}
 m - a potion of brilliance
 n - a potion of might
 o - 2 potions of curing {@q1}
 p - 2 potions of attraction {unknown}

Dungeon Overview and Level Annotations

Branches:
Dungeon (4/15) Zot: 21105 Ossuary (1/1) Zot: 5936
 Temple: D:4-7

Altars:

Shops:
D:3

! # ##
###≈#≈
#≈≈#≈# ≈ #
≈≈≈≈≈ ≈ ≈
#≈###~≈≈
≈#≈# #
≈~#~~##~~~~
#≈
#~P#.~.~.#
#~#MZM.#~#.~
#5PYZ~~Z.~~.
####M#####~#
#≈P'.#...#
#≈###~'.∩.#
#..~#..∩#
#~~~#####
#...' ###.#
+.#


You could see 3 mummies, a killer bee zombie, a centaur zombie, a howler monkey
zombie and a friendly white imp (summoned).


Message History

The centaur zombie closely misses you. x2
The centaur zombie hits you but does no damage.
The centaur zombie kicks you. The centaur zombie hits you.
The centaur zombie barely misses you.
The bog mummy hits you but does no damage.
A mummy comes into view.
The centaur zombie barely misses you.
The centaur zombie kicks you but does no damage. 😕 HP[-2] MP[-1]
You take 2 damage, and now have 54/58 hp.
You lost 1 mp, and now have 8/12 mp.
You hit the bog mummy. The centaur zombie hits you.
The centaur zombie kicks you but does no damage.
The bog mummy closely misses you. The centaur zombie hits you.
The centaur zombie closely misses you. 😕 HP[-5]
You take 5 damage, and now have 49/58 hp.
Unknown command.
You hit the bog mummy but do no damage. The centaur zombie hits you.
The centaur zombie kicks you but does no damage. 😕 HP[-4]
You take 4 damage, and now have 45/58 hp.
Unknown command.
You punch the bog mummy!
The centaur zombie hits you but does no damage.
The centaur zombie kicks you but does no damage.
The centaur zombie closely misses you.
The centaur zombie kicks you but does no damage.
The mummy hits you but does no damage.
Unknown command.
You hit the bog mummy.
You feel a bit better.
You destroy the bog mummy!
You howl as the wereblood boils in your veins!
The centaur zombie hits you but does no damage.
The centaur zombie kicks you but does no damage.
The centaur zombie closely misses you.
The centaur zombie kicks you but does no damage. 😕 HP[+4] MP[+1]
You regained 4 hp, and now have 49/58 hp.
Unknown command.
You howl as the wereblood boils in your veins!
The centaur zombie misses you. The centaur zombie barely misses you.
The centaur zombie closely misses you. The centaur zombie barely misses you.
The mummy hits you! 😮 HP[-11]
You take 11 damage, and now have 38/58 hp.
You barely miss the mummy.
You howl as the wereblood boils in your veins!
The howler monkey zombie hits you but does no damage.
The centaur zombie hits you but does no damage.
The centaur zombie kicks you but does no damage.
The mummy hits you.
The howler monkey zombie hits you but does no damage.
The centaur zombie closely misses you.
The centaur zombie kicks you but does no damage.
The mummy hits you but does no damage. 😮 HP[-1]
You take 1 damage, and now have 37/58 hp.
Unknown command.
You hit the mummy but do no damage.
The centaur zombie hits you but does no damage.
The centaur zombie closely misses you.
The howler monkey zombie hits you but does no damage.
The mummy splashes around in the water.
The centaur zombie closely misses you. The centaur zombie kicks you. 😮 HP[-1]
You take 1 damage, and now have 36/58 hp.
You punch the mummy! You freeze the mummy.
You howl as the wereblood boils in your veins!
The howler monkey zombie hits you but does no damage.
The mummy hits you!
* * * LOW HITPOINT WARNING * * *
The centaur zombie hits you.
* * * LOW HITPOINT WARNING * * *
The centaur zombie kicks you.
* * * LOW HITPOINT WARNING * * *
The howler monkey zombie hits you.
* * * LOW HITPOINT WARNING * * *
Unknown command. 😨 HP[-17]
You take 17 damage, and now have 19/58 hp.
MASSIVE DAMAGE!! (PAUSE)
You hit the mummy.
You howl as the wereblood boils in your veins!
The centaur zombie barely misses you. The centaur zombie closely misses you.
A killer bee zombie comes into view.
The mummy hits you!
* * * LOW HITPOINT WARNING * * *
A demonic guardian appears!
The centaur zombie hits you but does no damage.
The centaur zombie kicks you but does no damage.
The mummy barely misses you.
The howler monkey zombie barely misses you. 😱 HP[-10] MP[+1]
You take 10 damage, and now have 9/58 hp.
Unknown command.
You hit the mummy. You freeze the mummy.
The centaur zombie barely misses you. x2
The howler monkey zombie barely misses you.
The mummy hits you!
You die...

Skill      XL: |  1  2  3  4  5  6 |
---------------+-------------------+-----
Transmutations | 2 3 4 |  4.5
Unarmed Combat | 3 |  3.8
Poison Magic   | 1 2 |  2.0
Spellcasting   | 3 |  3.6
Ice Magic      | 1 2 |  2.4
Fighting       | |  1.0
Dodging        | |  1.7

Action                     |  1- 3 |  4- 6 |  7- 9 || total
---------------------------+-------+-------+-------++-------
  Melee: Unarmed           |    94 |   120 |    14 ||   228
         Kick              |    22 |     9 |       ||    31
         Headbutt          |    10 |     4 |       ||    14
         Punch             |     1 |     1 |       ||     2
   Cast: Beastly Appendage |    23 |     8 |       ||    31
         Wereblood         |     1 |     1 |     1 ||     3
         Spider Form       |     1 |     8 |       ||     9
         Ice Form          |       |     1 |     1 ||     2
    Use: Scroll            |     8 |     3 |       ||    11
         Potion            |       |     2 |       ||     2
   Stab: Sleeping          |     1 |       |       ||     1
 Armour: Robe              |    14 |    13 |       ||    27
         Skin              |     1 |     8 |    24 ||    33
  Dodge: Dodged            |    61 |    81 |    24 ||   166

Levels and vault maps discovered:
D:1:      tekkud_arrival_beachfront_property, layout_basic,
          ebering_ecumenical_altar_rust, nrook_mini_backslash, minmay_surrounded
D:2:      layout_basic, minmay_misc_feat_square
D:3:      layout_loops_ring, serial_shops, shop_statue, kennysheep_minor_cross,
          minmay_unequal, uniq_grinder, uniq_jessica
D:4:      layout_rooms, minmay_temple_entry_glassed_door,
          gup_ossuary_entry_pyramid, serial_forest, infiniplex_forest_split,
          infiniplex_forest_lined_2, infiniplex_forest_straight_2,
          infiniplex_forest_lined_4_way, infiniplex_forest_clump_large,
          infiniplex_forest_side_room, infiniplex_forest_clump_curved,
          infiniplex_forest_corner_1, uniq_menkaure
Ossuary:  ossuary_zaba_flooded

Notes
Turn   | Place    | Note
-------+----------+-------------------------------------------
     0 | D:1      | kae the Demonspawn Transmuter began the quest for the Orb.
     0 | D:1      | Reached XP level 1. HP: 15/15 MP: 3/3
     0 | D:1      | magus.rc [v1.11.3]
    49 | D:1      | Reached skill level 2 in Transmutations
   138 | D:1      | Gained mutation: A weak demonic guardian rushes to your
                  | aid. [demonic ancestry]
   138 | D:1      | Reached XP level 2. HP: 21/21 MP: 3/5
   327 | D:1      | Found a faded altar of an unknown god.
   689 | D:1      | Reached skill level 3 in Unarmed Combat
   850 | D:1      | Learned a level 2 spell: Wereblood
   861 | D:2      | Gained mutation: You are partially covered in rugged brown
                  | scales. (AC +1, +3% HP) [demonic ancestry]
   861 | D:2      | Reached XP level 3. HP: 18/26 MP: 2/6
   894 | D:1      | Learned a level 3 spell: Spider Form
  1142 | D:2      | You add the spells Vhi's Electric Charge, Arcjolt and
                  | Maxwell's Capacitive Coupling to your library.
  1392 | D:2      | Reached skill level 3 in Transmutations
  1415 | D:2      | Reached skill level 1 in Poison Magic
  1537 | D:2      | Identified a scroll of acquirement
  1537 | D:2      | Acquired a book of Transfigurations
  1585 | D:2      | You pick up a book of Transfigurations and begin reading...
  1585 | D:2      | You add the spells Irradiate, Blade Hands and Dragon Form
                  | to your library.
  1615 | D:3      | Reached XP level 4. HP: 32/32 MP: 5/7
  1794 | D:3      | Noticed Jessica
  1820 | D:3      | Killed Jessica
  2071 | D:3      | Noticed a scorpion
  2081 | D:3      | Killed a scorpion
  2082 | D:3      | Reached skill level 3 in Spellcasting
  2082 | D:3      | Reached skill level 2 in Poison Magic
  2082 | D:3      | Reached XP level 5. HP: 38/38 MP: 3/9
  2174 | D:3      | Learned a level 4 spell: Ice Form
  2181 | D:3      | Noticed Grinder
  2199 | D:3      | Killed Grinder
  2200 | D:3      | Reached skill level 4 in Transmutations
  2200 | D:3      | Reached skill level 1 in Ice Magic
  2200 | D:3      | Reached XP level 6. HP: 44/44 MP: 7/11
  2214 | D:3      | Found Irheidde's Distillery.
  2242 | D:3      | Bought a potion of might for 48 gold pieces
  2242 | D:3      | Bought a potion of mutation for 96 gold pieces
  2482 | D:3      | You pick up a book of Ice and begin reading...
  2482 | D:3      | You add the spells Freezing Cloud, Simulacrum and Polar
                  | Vortex to your library.
  2816 | D:4      | HP: 7/41 [wight/+4 great sword (9)]
  2821 | D:4      | Reached skill level 2 in Ice Magic
  2894 | D:4      | Found a sand-covered staircase.
  2906 | Ossuary  | Entered an ossuary
  2924 | Ossuary  | Gained mutation: You have a small tail. [demonic ancestry]
  2924 | Ossuary  | Reached XP level 7. HP: 49/49 MP: 10/12
  2961 | Ossuary  | HP: 9/58 [mummy (11)]
  2962 | Ossuary  | Slain by a mummy

Vanquished Creatures
  Grinder (D:3)
  A scorpion (D:3)
  A wight (D:4)
  5 mummies
  4 adders
  2 worms
  A dart slug (D:2)
  11 orcs
  7 endoplasms
  3 giant cockroaches (D:1)
  10 goblins
  5 hobgoblins
  3 jackals (D:4)
  7 kobolds
  A quokka (D:1)
  3 ball pythons
  3 bats (D:1)
  4 frilled lizards
  4 rats
76 creatures vanquished.

Vanquished Creatures (collateral kills)
  Jessica (D:3)
  An adder (D:4)
  2 ball pythons
  A hobgoblin (D:3)
  A rat (D:1)
6 creatures vanquished.

Vanquished Creatures (others)
  6 plants (D:4)
  2 withered plants (Ossuary)
8 creatures vanquished.

Grand Total: 90 creatures vanquished

Table legend:
 A = Non-vault XP
 B = Vault XP
 C = Vault XP percentage of total XP
 D = Non-vault monster count
 E = Vault monster count
 F = Vault count percentage of total count
                 A         B        C        D         E       F
            +---------+---------+-------+---------+---------+-------
      Total |     355 |     452 |  56.0 |      68 |      14 |  17.1
            +---------+---------+-------+---------+---------+-------
        D:1 |      37 |       3 |   7.5 |      22 |       3 |  12.0
        D:2 |      55 |       0 |   0.0 |      13 |       0 |   0.0
        D:3 |     163 |     323 |  66.5 |      23 |       6 |  20.7
        D:4 |     100 |      18 |  15.3 |      10 |       1 |   9.1
    Ossuary |       0 |     108 | 100.0 |       0 |       4 | 100.0
            +---------+---------+-------+---------+---------+-------

Illustrated notes

Table legend:
 A = Kills in this place as a percentage of kills in entire the game.
 B = Kills by you in this place as a percentage of kills by you in the entire game.
 C = Kills by friends in this place as a percentage of kills by friends in the entire game.
 D = Other kills in this place as a percentage of other kills in the entire game.
 E = Experience gained in this place as a percentage of experience gained in the entire game.
 F = Experience gained in this place divided by the number of levels of this place that you have seen.
                   A       B       C       D       E      F
               +-------+-------+-------+-------+-------+----------------------
         Total | 100.0 | 100.0 | 100.0 |   N/A | 100.0 | 161.4
       Dungeon |  95.1 |  94.7 | 100.0 |   N/A |  86.6 | 174.8
       Ossuary |   4.9 |   5.3 |   0.0 |   N/A |  13.4 | 108.0
               +-------+-------+-------+-------+-------+----------------------

Table legend: (Time is in decaauts)
 A = Elapsed time spent in this place.
 B = Non-inter-level travel time spent in this place.
 C = Inter-level travel time spent in this place.
 D = Time resting spent in this place.
 E = Time spent auto-exploring this place.
 F = Levels seen in this place.
 G = Mean time per level.
                   A        B        C        D        E       F      G
               +--------+--------+--------+--------+--------+-----+--------+
         Total |   2956 |   2821 |    135 |    110 |   2135 |   5 |  591.2 |
       Dungeon |   2894 |   2759 |    135 |     92 |   2135 |   4 |  723.5 |
       Ossuary |     62 |     62 |      0 |     18 |      0 |   1 |   62.0 |
               +--------+--------+--------+--------+--------+-----+--------+

Top non-repeatable levels by time:
     D:3: 1185 daAuts
     D:1: 908 daAuts
     D:2: 697 daAuts
     D:4: 102 daAuts
 Ossuary: 62 daAuts
